 Dungeon Crawl Stone Soup version 0.22.1-2-g9c5b331 (webtiles) character file.

361 WarriorsX the Covered (level 6, -2/48 HPs)
             Began as a Human Fighter on Dec 15, 2018.
             Splashed by a jelly's acid (11 damage)
             ... on level 5 of the Dungeon.
             The game lasted 00:04:46 (3179 turns).

WarriorsX the Covered (Human Fighter)               Turns: 3179, Time: 00:04:46

Health: -2/48      AC: -4    Str: 18    XL:     6   Next: 98%
Magic:  6/6        EV: 10    Int:  8    God:
Gold:   157        SH:  0    Dex: 13    Spells: 5/5 levels left

rFire    . . .     SeeInvis .   a - +0 war axe
rCold    . . .     Gourm    .   (no shield)
rNeg     . . .     Faith    .   b - +0 scale mail
rPois    +         Spirit   .   (no helmet)
rElec    .         Reflect  .   (no cloak)
rCorr    .         Harm     .   (no gloves)
MR       .....                  (no boots)
Stlth    ..........             (no amulet)
HPRegen  0.16/turn              p - ring of poison resistance
MPRegen  0.10/turn              (no ring)

@: corroded
A: no striking features
a: no special abilities


You were on level 5 of the Dungeon.
You were hungry.

You visited 1 branch of the dungeon, and saw 5 of its levels.

You collected 157 gold pieces.

Inventory:

Hand Weapons
 a - a +0 war axe (weapon)
 j - a +0 spear
Armour
 b - a +0 scale mail (worn)
Jewellery
 m - an uncursed ring of protection from cold {unknown}
 p - a ring of poison resistance (left hand)
 q - a cursed -3 ring of dexterity {unknown}
Wands
 e - a wand of flame (54)
Scrolls
 c - a scroll of enchant armour {unknown}
 g - 2 scrolls of identify
 h - a scroll of magic mapping
 n - a scroll of remove curse
 o - a scroll of fear {unknown}
 s - a scroll of teleportation {unknown}
Potions
 d - a potion of might
 i - a potion of curing
 k - a potion of lignification {unknown}
 l - 2 potions of haste {unknown}
 r - 2 potions of magic
Comestibles
 f - 8 rations


   Skills:
 + Level 3.7 Fighting
 + Level 4.4 Axes
 * Level 4.7 Armour
 * Level 2.5 Dodging
   Level 3.0 Shields


You had 5 spell levels left.
You didn't know any spells.
Your spell library contained the following spells:

 Spells                   Type           Power        Failure   Level  Hunger
 Beastly Appendage        Tmut           #.....       78%         1    ##.....
 Sticks to Snakes         Tmut           #.......     89%         2    ###....
 Spider Form              Tmut/Pois      #.........   98%         3    ####...
 Ice Form                 Ice/Tmut       #.......     100%        4    #####..
 Blade Hands              Tmut           #.........   100%        5    ######.


Dungeon Overview and Level Annotations

Branches:
Dungeon (5/15)
 Temple: D:4-7

Altars:
The Shining One


Message History

The jelly is heavily wounded.
The jelly hits you.
You are splashed with acid!
The acid burns!
A jelly is nearby!
Your scale mail prevents you from hitting the jelly.
The jelly is heavily wounded.
The jelly hits you. The acid corrodes you!
You are splashed with acid!
The acid burns!
The jelly hits you.
You are splashed with acid!
The acid burns!
* * * LOW HITPOINT WARNING * * *
A jelly is nearby!
You are too injured to fight recklessly!
A jelly is nearby!
You are too injured to fight recklessly!
You are too injured to fight recklessly!
A jelly is nearby!
Your scale mail prevents you from hitting the jelly.
The jelly is heavily wounded.
The jelly hits you.
* * * LOW HITPOINT WARNING * * *
The acid corrodes you!
You are splashed with acid!
The acid burns!
You die...

#.......#####.####
##.####.....#.#
#.# #.....#.. ...
#.....# ##.#
#.....# ..#
##.....## .##
#.......# .
#.#.....#
#.@.##.... #.J.#
.#.# #......%.#
... ######..... .
#.......
#........⌠
#.........
#.##...#.# #.
.#....


You could see a jelly.

Vanquished Creatures
  2 bullfrog skeletons (D:4)
  A centaur skeleton (D:4)
  An orc wizard (D:2)
  4 worker ants
  A howler monkey zombie (D:3)
  4 adders
  3 worms
  3 dart slugs
  7 orcs
  5 giant cockroaches
  10 goblins
  8 hobgoblins
  9 kobolds
  2 quokkas
  6 ball pythons
  12 bats
  5 frilled lizards
  9 rats
92 creatures vanquished.

Notes
Turn   | Place    | Note
-------+----------+-------------------------------------------
     0 | D:1      | WarriorsX the Human Fighter began the quest for the Orb.
     0 | D:1      | Reached XP level 1. HP: 18/18 MP: 1/1
    67 | D:1      | Reached XP level 2. HP: 18/24 MP: 2/2
   312 | D:1      | Reached XP level 3. HP: 29/29 MP: 3/3
   317 | D:1      | Reached skill level 1 in Dodging
   770 | D:2      | Reached XP level 4. HP: 35/35 MP: 4/4
  1403 | D:2      | Reached XP level 5. HP: 27/41 MP: 5/5
  1799 | D:3      | Found a glowing golden altar of the Shining One.
  2155 | D:4      | Reached XP level 6. HP: 38/47 MP: 6/6
  2961 | D:5      | Entered Level 5 of the Dungeon
  3179 | D:5      | Splashed by a jelly's acid

Skill      XL: |  1  2  3  4  5  6 |
---------------+-------------------+-----
Dodging        | 1 2 |  2.5
Axes           | 3 4 |  4.4
Armour         | 4 |  4.7
Fighting       | |  3.7
Shields        | |  3.0

Action                   |  1- 3 |  4- 6 || total
-------------------------+-------+-------++-------
Melee: War axe           |    97 |   217 ||   314
  Use: Potion            |     3 |       ||     3
       Scroll            |     1 |     1 ||     2
  Eat: Chunk             |       |     7 ||     7
Armor: Scale mail        |    83 |   146 ||   229
Dodge: Dodged            |    86 |   165 ||   251
